[Event "Titled Tuesday Blitz October 25 Late 2022"]
[White "Karacsonyi, Gellert"]
[Black "Pham, Khoi"]
[WhiteFideId "764620"]
[BlackFideId "1054988"]
[WhiteElo "2308"]
[BlackElo "2461"]
[Result "1-0"]
[Round "01"]
[TimeControl "180+1"]
[Date "2022.10.26"]
[WhiteClock "0:00:20"]
[BlackClock "0:00:01"]

1. e4 c6 2. d4 d5 3. exd5 cxd5 4. Bd3 Nc6 5. c3 Nf6 6. Bg5 g6 7. Nf3 Bg7 8. h3 a6 9. O-O Bf5 10. Re1 O-O 11. Bf1 Re8 12. Nbd2 Rc8 13. Ne5 Nxe5 14. dxe5 Ne4 15. Nxe4 Bxe4 16. Qd4 Qc7 17. Bf4 f6 18. exf6 e5 19. Bxe5 Rxe5 20. fxg7 Rce8 21. f3 Bf5 22. Rxe5 Rxe5 23. f4 Re6 24. Qxd5 Qb6+ 25. Kh1 Qxb2 26. Rd1 Kxg7 27. Qd8 Rf6 28. Bc4 Qb6 29. Qe7+ Kh6 30. Bg8 g5 31. fxg5+ Kxg5 32. Rd4 Bg6 33. Qe3+ Kh5 34. Rd5+ Kh4 35. Qg5# 1-0


[Site "https://www.chess.com"]

[Event "Titled Tuesday Blitz October 25 Late 2022"]
[White "Karas, Marek"]
[Black "Deac, Bogdan-Daniel"]
[WhiteFideId "14928558"]
[BlackFideId "1226380"]
[WhiteElo "2220"]
[BlackElo "2648"]
[Result "0-1"]
[Round "01"]
[TimeControl "180+1"]
[Date "2022.10.26"]
[WhiteClock "0:00:01"]
[BlackClock "0:00:06"]

1. d4 Nf6 2. Nf3 e6 3. c4 b6 4. a3 Bb7 5. Nc3 g6 6. Bg5 h6 7. Bh4 Bg7 8. e3 O-O 9. Be2 d6 10. O-O Nbd7 11. b4 g5 12. Bg3 Nh5 13. Nd2 Nxg3 14. hxg3 c5 15. Nb3 cxd4 16. Nxd4 a6 17. Rc1 Rc8 18. Nb1 Qe7 19. Bf3 Ne5 20. Bxb7 Qxb7 21. Qe2 Rc7 22. Nd2 Rfc8 23. N4f3 Nxf3+ 24. Nxf3 b5 25. Rfd1 Bf8 26. Nd2 bxc4 27. e4 Qb5 28. Nb1 Qa4 29. Qe3 c3 30. Re1 c2 31. Nd2 Rc3 32. Qd4 Qxa3 33. e5 d5 34. Nf1 Qxb4 35. Qd2 R3c4 36. Qe2 Qb2 37. Ne3 a5 38. Nxc4 Rxc4 39. Qf3 a4 0-1


[Site "https://www.chess.com"]

[Event "Titled Tuesday Blitz October 25 Late 2022"]
[White "Kirillov, Dmitry"]
[Black "Harvey, Marcus R"]
[WhiteFideId "34180572"]
[BlackFideId "400092"]
[WhiteElo "2095"]
[BlackElo "2457"]
[Result "1-0"]
[Round "01"]
[TimeControl "180+1"]
[Date "2022.10.26"]
[WhiteClock "0:00:33"]
[BlackClock "0:00:04"]

1. e4 e6 2. d4 d5 3. Nd2 a6 4. exd5 exd5 5. c3 Bd6 6. Ngf3 Ne7 7. Bd3 O-O 8. O-O Nbc6 9. h3 Bf5 10. Nb3 Qd7 11. Nc5 Bxc5 12. dxc5 Rad8 13. Bxf5 Nxf5 14. Bf4 Rfe8 15. Qd3 Nfe7 16. Rfe1 Ng6 17. Bg3 Nce7 18. Rad1 c6 19. h4 Nf5 20. h5 Nxg3 21. hxg6 Ne4 22. Rxe4 Rxe4 23. gxf7+ Kf8 24. Ng5 Rh4 25. Qf3 Qe7 26. Qf5 Qf6 27. Ne6+ Ke7 28. Qxf6+ gxf6 29. Nxd8 Re4 30. Nxb7 Kxf7 31. Nd6+ 1-0


[Site "https://www.chess.com"]

[Event "Titled Tuesday Blitz October 25 Late 2022"]
[White "Kisic, Bozidar"]
[Black "Maksimovic, Bojan"]
[WhiteFideId "16500350"]
[BlackFideId "14408120"]
[WhiteElo "2233"]
[BlackElo "2447"]
[Result "0-1"]
[Round "01"]
[TimeControl "180+1"]
[Date "2022.10.26"]
[WhiteClock "0:02:10"]
[BlackClock "0:01:34"]

1. d4 Nf6 2. Bg5 g6 3. Bxf6 exf6 4. e3 d5 5. g3 h5 6. h4 Be6 7. Ne2 Bd6 8. Bg2 c6 9. Nd2 Nd7 10. c3 f5 11. Qb3 Qb6 12. Nf4 Bxf4 13. gxf4 Nf6 14. Nf3 Ne4 15. Ng5 Nd6 16. Bf1 Ke7 17. Bd3 Qxb3 18. axb3 a5 19. Kd2 Bd7 20. Ra2 f6 21. Nh3 Ne4+ 22. Ke2 b6 0-1


[Site "https://www.chess.com"]

[Event "Titled Tuesday Blitz October 25 Late 2022"]
[White "Koellner, Ruben Gideon"]
[Black "Harish, Neeraj"]
[WhiteFideId "12993093"]
[BlackFideId "30958130"]
[WhiteElo "2303"]
[BlackElo "1815"]
[Result "1-0"]
[Round "01"]
[TimeControl "180+1"]
[Date "2022.10.26"]
[WhiteClock "0:01:05"]
[BlackClock "0:00:17"]

1. d4 d5 2. Nf3 Nf6 3. Nbd2 Bf5 4. e3 e6 5. Ne5 Bd6 6. g4 Bg6 7. h4 h6 8. Nxg6 fxg6 9. Bd3 O-O 10. Bxg6 c5 11. c3 Nc6 12. g5 Nd7 13. Qh5 cxd4 14. exd4 e5 15. gxh6 Qf6 16. hxg7 Qxg7 17. Rg1 exd4 18. Bh7+ 1-0


[Site "https://www.chess.com"]

[Event "Titled Tuesday Blitz October 25 Late 2022"]
[White "Koutlas, Nikolaos"]
[Black "Baskakov, Egor"]
[WhiteFideId "25827138"]
[BlackFideId "24197866"]
[WhiteElo "2167"]
[BlackElo "2211"]
[Result "1/2-1/2"]
[Round "01"]
[TimeControl "180+1"]
[Date "2022.10.26"]
[WhiteClock "0:00:04"]
[BlackClock "0:00:52"]

1. Nf3 Nf6 2. g3 e6 3. Bg2 d5 4. O-O Be7 5. c4 O-O 6. b3 b6 7. Bb2 Bb7 8. cxd5 exd5 9. d4 Ne4 10. Ne5 f5 11. Nc3 a6 12. Rc1 Nd7 13. e3 Bd6 14. Ne2 Qe7 15. Nf4 Rad8 16. Nfd3 Rde8 17. Qh5 g6 18. Qe2 Ng5 19. Nc6 Qf7 20. Ndb4 Ne4 21. Nxa6 Ra8 22. Nab4 Bxc6 23. Nxc6 Rxa2 24. Ra1 Rfa8 25. Qb5 Ndf6 26. Nb4 Rxa1 27. Rxa1 Rxa1+ 28. Bxa1 Qe6 29. Bb2 h5 30. Nd3 Nxf2 31. Nxf2 Qxe3 32. Qd3 Qe1+ 33. Qf1 Qd2 34. Qc1 Qb4 35. Qh6 Kf7 36. Nd3 Qxb3 37. Qe3 Kg7 38. Qe2 Ne4 39. Bc1 Nc3 40. Qe3 Qd1+ 41. Bf1 Ne4 42. Qh6+ Kf7 43. Qh7+ Kf6 44. Qh8+ Kf7 45. Qh7+ Kf6 46. Qh8+ Kf7 47. Qh7+ 1/2-1/2


[Site "https://www.chess.com"]

[Event "Titled Tuesday Blitz October 25 Late 2022"]
[White "Krastev, Alexander"]
[Black "Almedina Ortiz, Edgardo J."]
[WhiteFideId "12989983"]
[BlackFideId "3100197"]
[WhiteElo "2567"]
[BlackElo "2217"]
[Result "0-1"]
[Round "01"]
[TimeControl "180+1"]
[Date "2022.10.26"]
[WhiteClock "0:00:03"]
[BlackClock "0:00:16"]

1. e4 e5 2. Nc3 Nf6 3. f4 d5 4. fxe5 Nxe4 5. Qf3 Nc6 6. Bb5 Nxc3 7. dxc3 Qh4+ 8. g3 Qe4+ 9. Qxe4 dxe4 10. Ne2 Bd7 11. Bxc6 Bxc6 12. Rf1 h5 13. Be3 h4 14. O-O-O hxg3 15. hxg3 Bb5 16. Rf2 Be7 17. Nd4 Bd7 18. Nf5 Bf8 19. Bg5 Rh5 20. Nxg7+ Bxg7 21. Rxd7 Rxg5 22. Rfxf7 Bf8 23. e6 Rxg3 24. Rxc7 Rd8 25. Rfd7 Bh6+ 26. Kd1 Bg5 27. Rxb7 e3 28. Rxd8+ Bxd8 29. Ke2 Bb6 30. Rf7 Rg2+ 31. Ke1 Rxc2 32. a4 Rxb2 33. Rb7 Ra2 0-1


[Site "https://www.chess.com"]

[Event "Titled Tuesday Blitz October 25 Late 2022"]
[White "Kravtsiv, Martyn"]
[Black "Goncalves, Davi Sulzbacher"]
[WhiteFideId "14113147"]
[BlackFideId "2154510"]
[WhiteElo "2694"]
[BlackElo "2182"]
[Result "1-0"]
[Round "01"]
[TimeControl "180+1"]
[Date "2022.10.26"]
[WhiteClock "0:02:31"]
[BlackClock "0:00:48"]

1. e4 c5 2. Nf3 Nc6 3. d4 cxd4 4. Nxd4 Nf6 5. Nc3 e5 6. Ndb5 d6 7. Bg5 a6 8. Na3 b5 9. Nd5 Be7 10. Bxf6 Bxf6 11. c4 b4 12. Nc2 Bg5 13. g3 O-O 14. Bg2 Qa5 15. O-O Qc5 16. b3 a5 17. Kh1 a4 18. f4 Bd8 19. Qd2 Rb8 20. f5 Bb6 21. f6 Bd8 22. Qg5 1-0


[Site "https://www.chess.com"]

[Event "Titled Tuesday Blitz October 25 Late 2022"]
[White "Lamaze, Simon"]
[Black "Zeman, Matyas"]
[WhiteFideId "36069264"]
[BlackFideId "364398"]
[WhiteElo "2272"]
[BlackElo "2254"]
[Result "1-0"]
[Round "01"]
[TimeControl "180+1"]
[Date "2022.10.26"]
[WhiteClock "0:01:08"]
[BlackClock "0:00:06"]

1. d4 Nf6 2. c4 e6 3. g3 d5 4. Nf3 Bb4+ 5. Bd2 Be7 6. Bg2 O-O 7. Qc2 Nbd7 8. h4 c5 9. cxd5 exd5 10. Nc3 Re8 11. O-O b6 12. Rfd1 Bb7 13. Bf4 c4 14. Ne5 a6 15. Nxc4 Nf8 16. Ne5 Ne6 17. Be3 Rc8 18. Qb3 b5 19. a4 b4 20. Na2 a5 21. Rac1 Qb6 22. Nc3 Red8 23. Nb5 Ne4 24. Bh3 Bf6 25. Rxc8 Rxc8 26. Nd7 Qd8 27. Nc5 N6xc5 28. dxc5 Nxc5 29. Qc2 Ne6 30. Qd2 Rc4 31. b3 Rc6 32. Nd4 Nxd4 33. Bxd4 Bxd4 34. Qxd4 Rc3 35. Rd3 Rxd3 36. Qxd3 g6 37. Qb5 Qe7 38. e3 Qc7 39. Bg2 Qc3 40. Qxb7 1-0


[Site "https://www.chess.com"]

[Event "Titled Tuesday Blitz October 25 Late 2022"]
[White "Leenhouts, Koen"]
[Black "Yeletsky, Ivan"]
[WhiteFideId "1008439"]
[BlackFideId "24180327"]
[WhiteElo "2409"]
[BlackElo "2391"]
[Result "0-1"]
[Round "01"]
[TimeControl "180+1"]
[Date "2022.10.26"]
[WhiteClock "0:00:02"]
[BlackClock "0:00:09"]

1. d4 Nf6 2. c4 g6 3. Nc3 Nc6 4. Nf3 d6 5. e4 Bg7 6. h3 O-O 7. Be3 e5 8. d5 Nd4 9. Be2 Nxe2 10. Qxe2 Nh5 11. g3 f5 12. exf5 gxf5 13. Nh4 Nf6 14. O-O-O Qe7 15. Kb1 Qf7 16. Ka1 a5 17. c5 a4 18. a3 Bd7 19. Rhg1 Qh5 20. Qxh5 Nxh5 21. cxd6 cxd6 22. Rc1 Nf6 23. Bg5 h5 24. f4 e4 25. Rge1 Kf7 26. Bxf6 Bxf6 27. Ne2 Rg8 28. Ng2 Rac8 29. Ne3 b5 30. Rxc8 Rxc8 31. Rc1 Rxc1+ 32. Nxc1 Bd4 33. Nf1 b4 34. Ne2 Bc5 35. axb4 Bxb4 36. Ne3 Bc5 37. Nc2 Bf2 38. Ncd4 Kf6 39. Kb1 Bc8 40. Kc2 Bb7 41. Kc3 Bxd5 42. Kb4 h4 43. gxh4 Bxh4 44. Kxa4 Bc4 45. Kb4 d5 46. Kc3 Be1+ 47. Kc2 Bb4 48. b3 Bd3+ 49. Kd1 Bc5 50. Nc6 Be3 0-1


[Site "https://www.chess.com"]

[Event "Titled Tuesday Blitz October 25 Late 2022"]
[White "Levine, David"]
[Black "Yurovskykh, Oleksandr"]
[WhiteFideId "2011611"]
[BlackFideId "14134020"]
[WhiteElo "2221"]
[BlackElo "2303"]
[Result "0-1"]
[Round "01"]
[TimeControl "180+1"]
[Date "2022.10.26"]
[WhiteClock "0:00:01"]
[BlackClock "0:00:16"]

1. d4 d5 2. c4 e6 3. g3 Nf6 4. Bg2 Bb4+ 5. Bd2 Be7 6. Nf3 O-O 7. O-O c6 8. Qc2 Nbd7 9. Bf4 b6 10. Rd1 Bb7 11. Nbd2 Nh5 12. cxd5 Nxf4 13. gxf4 cxd5 14. e3 Rc8 15. Qa4 a6 16. Rdc1 b5 17. Qd1 Nb6 18. Rxc8 Qxc8 19. Rc1 Qb8 20. Ng5 h6 21. Ngf3 Rc8 22. Ne5 Bd6 23. Bf1 Nc4 24. b3 Nb6 25. Bd3 Ba3 26. Rxc8+ Qxc8 27. Qc2 Qxc2 28. Bxc2 Kf8 29. Kf1 Ke7 30. Ke2 Nc8 31. Bd3 Nd6 32. h4 h5 33. f3 Bb4 34. Nb1 Ba5 35. a4 b4 36. Nd2 Bd8 37. Kf2 Ke8 38. Kg3 Be7 39. Nf1 Nc8 40. Nh2 Nd6 41. Nf1 Ba8 42. Nd2 Nb7 43. Nf1 Na5 44. Bc2 Bb7 45. Nd2 g6 46. Nf1 Bf6 47. Nd2 Ke7 48. Nf1 Ba8 49. Nd2 Ke8 50. Nf1 Be7 51. Nd2 Nb7 0-1


[Site "https://www.chess.com"]

[Event "Titled Tuesday Blitz October 25 Late 2022"]
[White "Lewicki, Miroslaw"]
[Black "Gedgafov, Chamal"]
[WhiteFideId "1113380"]
[BlackFideId "34130621"]
[WhiteElo "2236"]
[BlackElo "2067"]
[Result "1-0"]
[Round "01"]
[TimeControl "180+1"]
[Date "2022.10.26"]
[WhiteClock "0:00:53"]
[BlackClock "0:00:41"]

1. f3 d5 2. Kf2 c6 3. g3 e5 4. Kg2 h5 5. h4 Nd7 6. d3 Ngf6 7. e4 Bd6 8. Nh3 Qe7 9. Ng5 Nf8 10. Nc3 Ne6 11. exd5 Nxd5 12. Nce4 Bc7 13. c4 Nf6 14. Nxe6 Bxe6 15. Bg5 O-O-O 16. Qa4 Kb8 17. b4 Bf5 18. c5 Qe6 19. Rb1 a6 20. Be2 Rd4 21. Rhc1 Bh3+ 22. Kf2 Nxe4+ 23. dxe4 Qd7 24. Be3 Be6 25. Qc2 Rd8 26. a4 f5 27. b5 axb5 28. axb5 fxe4 29. bxc6 Qxc6 30. Bxd4 exd4 31. Qxe4 Bd5 32. Qf5 Be6 33. Bb5 Qd5 34. Qxd5 Bxd5 35. Bd3 Rf8 36. Be2 d3 37. Bd1 Be5 38. Rb4 Kc7 39. f4 d2 40. Rc2 Be4 41. Rxe4 1-0


[Site "https://www.chess.com"]

[Event "Titled Tuesday Blitz October 25 Late 2022"]
[White "Li, Ben"]
[Black "Garagulya, Konstantin"]
[WhiteFideId "2089980"]
[BlackFideId "4128931"]
[WhiteElo "2267"]
[BlackElo "2329"]
[Result "1-0"]
[Round "01"]
[TimeControl "180+1"]
[Date "2022.10.26"]
[WhiteClock "0:00:24"]
[BlackClock "0:00:04"]

1. d4 d5 2. Nf3 Nf6 3. c4 dxc4 4. Nc3 a6 5. e4 b5 6. e5 Nd5 7. a4 Nxc3 8. bxc3 Bb7 9. e6 fxe6 10. Ng5 Qd5 11. Qg4 Qf5 12. Qxf5 exf5 13. Ne6 Kd7 14. Nc5+ Kc8 15. Nxb7 Kxb7 16. Rb1 c6 17. Bxc4 Ka7 18. Be6 g6 19. Be3 Bg7 20. Ke2 Rd8 21. Rhd1 Rd6 22. d5+ Kb7 23. c4 Nd7 24. dxc6+ Kxc6 25. cxb5+ axb5 26. Rbc1+ Kb7 27. Rxd6 exd6 28. Bxd7 Rxa4 29. Bxb5 Ra2+ 30. Kf3 Be5 31. g3 h5 32. h4 Rb2 33. Bc6+ Kb8 34. Be8 1-0


[Site "https://www.chess.com"]

[Event "Titled Tuesday Blitz October 25 Late 2022"]
[White "Lorenzo De La Riva, Lazaro"]
[Black "Badmatsyrenov, Oleg"]
[WhiteFideId "2268809"]
[BlackFideId "24115762"]
[WhiteElo "2325"]
[BlackElo "2403"]
[Result "0-1"]
[Round "01"]
[TimeControl "180+1"]
[Date "2022.10.26"]
[WhiteClock "0:00:01"]
[BlackClock "0:00:20"]

1. e4 c5 2. Nf3 e6 3. g3 Nc6 4. Bg2 Nge7 5. O-O d6 6. c3 g6 7. d4 cxd4 8. cxd4 Bg7 9. Nc3 O-O 10. Be3 a6 11. Qd2 Re8 12. Bh6 Bh8 13. Rfd1 b5 14. Rac1 Bb7 15. h4 Rc8 16. b3 Qa5 17. h5 b4 18. hxg6 bxc3 19. gxf7+ Kxf7 20. Rxc3 Ng6 21. Ng5+ Kg8 22. Bh3 Nd8 23. Rdc1 Rxc3 24. Rxc3 Qb6 25. Rd3 Bf6 26. Kh2 Nf7 27. Bxe6 Rxe6 28. Nxe6 Bxe4 29. Rc3 Bb7 30. Rc7 Qb5 31. Kg1 Qd5 32. Rxb7 Qxb7 33. Qc3 Qd7 34. Qe3 Nxh6 35. d5 Nf5 36. Qb6 Nfe7 37. Qxa6 Kf7 0-1


[Site "https://www.chess.com"]

[Event "Titled Tuesday Blitz October 25 Late 2022"]
[White "Machidon, Cristi"]
[Black "Wiegmann, Sascha"]
[WhiteFideId "13904590"]
[BlackFideId "4682041"]
[WhiteElo "2312"]
[BlackElo "2299"]
[Result "1-0"]
[Round "01"]
[TimeControl "180+1"]
[Date "2022.10.26"]
[WhiteClock "0:00:23"]
[BlackClock "0:00:01"]

1. c4 Nf6 2. Nf3 g6 3. g3 Bg7 4. Bg2 O-O 5. d4 d6 6. Nc3 Nbd7 7. e4 c5 8. d5 b5 9. cxb5 a6 10. b6 Qxb6 11. O-O a5 12. Re1 Ng4 13. Nd2 Nxf2 14. Kxf2 Bd4+ 15. Re3 Ne5 16. Nf1 Ba6 17. Kg1 Bxf1 18. Bxf1 c4 19. Qe2 Ng4 20. Qxg4 Bxe3+ 21. Bxe3 Qxe3+ 22. Kg2 Rab8 23. Rb1 f5 24. Qf4 Qxf4 25. gxf4 fxe4 26. Kg3 Rb4 27. a3 Rb6 28. Bxc4 Rc8 29. b3 a4 30. Nxa4 Rbb8 31. Nc3 e3 32. Re1 Ra8 33. a4 1-0


[Site "https://www.chess.com"]

[Event "Titled Tuesday Blitz October 25 Late 2022"]
[White "Madaminov, Mukhiddin"]
[Black "Yurtseven, Melih"]
[WhiteFideId "14210703"]
[BlackFideId "6312160"]
[WhiteElo "2341"]
[BlackElo "2218"]
[Result "1-0"]
[Round "01"]
[TimeControl "180+1"]
[Date "2022.10.26"]
[WhiteClock "0:00:39"]
[BlackClock "0:00:03"]

1. d4 Nf6 2. Nc3 d5 3. Bf4 a6 4. e3 e6 5. g4 Bd6 6. g5 Nfd7 7. Nf3 Qe7 8. Bg2 c5 9. O-O O-O 10. Re1 Nc6 11. Ne2 b5 12. Ng3 Bb7 13. h4 f6 14. gxf6 Nxf6 15. c3 Ng4 16. Ng5 Nh6 17. Bxd6 Qxd6 18. f4 Rae8 19. Bh3 Kh8 20. Rc1 Na5 21. dxc5 Qxc5 22. b4 Qa7 23. Qd4 Qxd4 24. cxd4 Nc4 25. Bxe6 Rf6 26. Bh3 Bc8 27. Bxc8 Rxc8 28. Nf3 Ng4 29. Ne5 Ngxe3 30. Rxe3 Rxf4 31. Nxc4 dxc4 32. Rce1 h6 33. Re4 Rcf8 34. d5 Rf3 35. R1e3 R3f6 36. Rd4 Rd6 37. h5 Kh7 38. Ne4 Rd7 39. d6 Rfd8 40. Rg3 Ra7 41. Nc5 a5 42. bxa5 Rxa5 43. Ne6 Rd7 44. Nf8+ 1-0


[Site "https://www.chess.com"]

[Event "Titled Tuesday Blitz October 25 Late 2022"]
[White "Makaraci, Tunahan"]
[Black "Yoo, Christopher Woojin"]
[WhiteFideId "6356559"]
[BlackFideId "30909694"]
[WhiteElo "2175"]
[BlackElo "2463"]
[Result "0-1"]
[Round "01"]
[TimeControl "180+1"]
[Date "2022.10.26"]
[WhiteClock "0:00:03"]
[BlackClock "0:00:14"]

1. e4 c6 2. d4 d5 3. exd5 cxd5 4. c4 Nf6 5. Nc3 e6 6. Nf3 Nc6 7. Bg5 Be7 8. c5 O-O 9. Bb5 Ne4 10. Bxe7 Nxe7 11. Rc1 f6 12. O-O Ng6 13. Bd3 f5 14. b4 Qf6 15. Re1 Bd7 16. Bf1 Rab8 17. a4 b6 18. Bb5 Bxb5 19. Nxb5 bxc5 20. bxc5 Nf4 21. Nd6 Rb2 22. Rc2 Rfb8 23. Nxe4 fxe4 24. Ne5 Qf5 25. c6 e3 26. Rxb2 Rxb2 27. Rxe3 Nh3+ 28. gxh3 Qxf2+ 29. Kh1 Qxh2# 0-1


[Site "https://www.chess.com"]

[Event "Titled Tuesday Blitz October 25 Late 2022"]
[White "Makarian, Rudik"]
[Black "Rangel, Daniel"]
[WhiteFideId "44105681"]
[BlackFideId "2124475"]
[WhiteElo "2405"]
[BlackElo "2225"]
[Result "1-0"]
[Round "01"]
[TimeControl "180+1"]
[Date "2022.10.26"]
[WhiteClock "0:02:04"]
[BlackClock "0:01:31"]

1. Nf3 Nf6 2. g3 b6 3. Bg2 Bb7 4. c4 e6 5. O-O d5 6. cxd5 Nxd5 7. d4 Be7 8. Re1 O-O 9. e4 Nf6 10. Nc3 Nbd7 11. Bf4 c5 12. d5 exd5 13. exd5 Re8 14. Qd3 Bf8 15. Rxe8 Nxe8 16. Re1 Nd6 17. h4 c4 18. Qd4 Nc5 19. Bxd6 Bxd6 20. Qxc4 Ba6 21. Qg4 Nd3 22. Rb1 Rc8 23. Nd4 Be5 24. Nc6 Qd6 25. Bf1 Qf6 26. Bxd3 1-0


[Site "https://www.chess.com"]

[Event "Titled Tuesday Blitz October 25 Late 2022"]
[White "Manukian, Artak"]
[Black "Kollars, Dmitrij"]
[WhiteFideId "13301373"]
[BlackFideId "12909572"]
[WhiteElo "2488"]
[BlackElo "2584"]
[Result "0-1"]
[Round "01"]
[TimeControl "180+1"]
[Date "2022.10.26"]
[WhiteClock "0:01:39"]
[BlackClock "0:01:09"]

1. e4 e5 2. Nf3 Nc6 3. d4 exd4 4. Nxd4 Nf6 5. Nxc6 bxc6 6. e5 Qe7 7. Qe2 Nd5 8. c4 Ba6 9. b3 g6 10. g3 Bg7 11. Bb2 O-O-O 12. Bg2 Rhe8 13. O-O Bxe5 14. Qxe5 Qxe5 15. Bxe5 Rxe5 16. cxd5 Bxf1 17. Kxf1 cxd5 18. Nc3 c6 19. Rc1 Kb7 20. h4 Rde8 21. Bf3 h6 22. Na4 Kc7 23. Nc5 g5 24. hxg5 hxg5 25. b4 Kd6 26. Nd3 R5e7 27. a4 f5 28. Kg2 Rh8 29. g4 fxg4 30. Bxg4 Re4 31. Bf3 Rc4 32. Rb1 Rb8 33. Be2 a5 34. b5 Rxa4 35. b6 Re4 36. Bf3 Rd4 37. Be2 a4 38. Kf3 a3 39. Ke3 a2 40. Ra1 Ra4 41. Nc1 Ra3+ 42. Kd2 Rxb6 0-1


[Site "https://www.chess.com"]

[Event "Titled Tuesday Blitz October 25 Late 2022"]
[White "Manukyan, Artyom"]
[Black "Xiong, Jeffery"]
[WhiteFideId "13305786"]
[BlackFideId "2047640"]
[WhiteElo "2078"]
[BlackElo "2725"]
[Result "1-0"]
[Round "01"]
[TimeControl "180+1"]
[Date "2022.10.26"]
[WhiteClock "0:00:05"]
[BlackClock "0:00:47"]

1. e4 c5 2. Nc3 d6 3. f4 Nc6 4. Nf3 g6 5. Bc4 Bg7 6. O-O e6 7. f5 Na5 8. fxe6 fxe6 9. Bb5+ Bd7 10. d3 Bxb5 11. Nxb5 Qd7 12. a4 a6 13. Nc3 Nc6 14. Ng5 Nf6 15. b3 O-O 16. Bb2 h6 17. Nf3 Ng4 18. Qd2 Nd4 19. h3 Nxf3+ 20. gxf3 Bd4+ 21. Kh1 Ne3 22. Rf2 Qe7 23. Re1 Qg5 24. Ne2 Rxf3 25. Nxd4 Rxh3+ 26. Rh2 Rxh2+ 27. Qxh2 cxd4 28. Bxd4 Nxc2 29. Rg1 Nxd4 30. Rxg5 hxg5 31. Qxd6 e5 32. Qxe5 Rd8 33. Qxg5 Rd6 34. e5 Rd7 35. Qxg6+ Kf8 36. e6 1-0


[Site "https://www.chess.com"]

[Event "Titled Tuesday Blitz October 25 Late 2022"]
[White "Marcolino, Daniel Mattos"]
[Black "Yedidia, Daniel"]
[WhiteFideId "2106841"]
[BlackFideId "30905907"]
[WhiteElo "2079"]
[BlackElo "2549"]
[Result "0-1"]
[Round "01"]
[TimeControl "180+1"]
[Date "2022.10.26"]
[WhiteClock "0:00:11"]
[BlackClock "0:00:08"]

1. d4 Nf6 2. Nf3 b6 3. g3 c5 4. Bg2 Bb7 5. O-O g6 6. c4 cxd4 7. Qxd4 Bg7 8. Nc3 O-O 9. Qd3 d6 10. Bg5 Nbd7 11. Rac1 Rc8 12. b3 h6 13. Bxf6 Nxf6 14. Nd5 Nxd5 15. cxd5 Rc5 16. Rxc5 bxc5 17. Nd2 Qa5 18. Qc2 Rb8 19. Re1 Ba6 20. e4 Bc3 21. Rd1 Be2 22. Re1 Ba6 23. Rd1 Bd4 24. Bf1 Bc8 25. Nc4 Qb4 26. Kg2 Bd7 27. Bd3 Kg7 28. f4 a5 29. e5 dxe5 30. fxe5 a4 31. e6 fxe6 32. Bxg6 axb3 33. axb3 Qxb3 34. Qxb3 Rxb3 35. dxe6 Bxe6 36. Bc2 Bxc4 37. Bxb3 Bxb3 38. Rc1 c4 39. Kf3 Bb2 40. Re1 Kf7 0-1


[Site "https://www.chess.com"]

[Event "Titled Tuesday Blitz October 25 Late 2022"]
[White "Martinez Alcantara, Jose Eduardo"]
[Black "Rostomyan, Mikayel"]
[WhiteFideId "3805662"]
[BlackFideId "13313754"]
[WhiteElo "3082"]
[BlackElo "2520"]
[Result "1-0"]
[Round "01"]
[TimeControl "180+1"]
[Date "2022.10.26"]
[WhiteClock "0:01:59"]
[BlackClock "0:00:29"]

1. e4 c5 2. Nf3 Nc6 3. c3 Nf6 4. Bd3 d5 5. e5 Nd7 6. Bb5 e6 7. d4 Qb6 8. Ba4 f6 9. exf6 Nxf6 10. O-O Bd6 11. dxc5 Bxc5 12. b4 Bd6 13. Nbd2 O-O 14. Nc4 Bxh2+ 15. Nxh2 dxc4 16. Qe2 Nd5 17. Qxc4 Bd7 18. Bb3 Ne5 19. Qe2 Ng6 20. Be3 Nxe3 21. Qxe3 Qxe3 22. fxe3 Rxf1+ 23. Rxf1 Rc8 24. Rd1 Nf8 25. c4 b6 26. Nf3 a5 27. Ne5 Be8 28. c5 bxc5 29. bxa5 Ra8 30. Rd6 Rxa5 31. Rd8 c4 32. Nxc4 1-0


[Site "https://www.chess.com"]

[Event "Titled Tuesday Blitz October 25 Late 2022"]
[White "Matinian, Nikita"]
[Black "Yeritsyan, Hayk"]
[WhiteFideId "24129100"]
[BlackFideId "13307320"]
[WhiteElo "2422"]
[BlackElo "2413"]
[Result "1-0"]
[Round "01"]
[TimeControl "180+1"]
[Date "2022.10.26"]
[WhiteClock "0:00:31"]
[BlackClock "0:00:26"]

1. e4 c6 2. d4 d5 3. e5 c5 4. Nf3 Nc6 5. Bb5 e6 6. O-O Bd7 7. Re1 Nxe5 8. Bxd7+ Nxd7 9. c4 Ngf6 10. Nc3 cxd4 11. Nxd4 dxc4 12. Qf3 Be7 13. Qxb7 Qc8 14. Qb5 O-O 15. Nc6 Bd6 16. Bf4 Qc7 17. Bxd6 Qxd6 18. Rad1 Qc7 19. Qxc4 Nb6 20. Qc5 Kh8 21. Nb5 Qb7 22. Ncxa7 Rxa7 23. Qxf8+ Ng8 24. Rd8 1-0


[Site "https://www.chess.com"]

[Event "Titled Tuesday Blitz October 25 Late 2022"]
[White "Mazurkiewicz, Michal"]
[Black "Ozen, Bahadir"]
[WhiteFideId "1124943"]
[BlackFideId "6337058"]
[WhiteElo "2063"]
[BlackElo "2503"]
[Result "0-1"]
[Round "01"]
[TimeControl "180+1"]
[Date "2022.10.26"]
[WhiteClock "0:00:04"]
[BlackClock "0:00:51"]

1. e4 g6 2. g3 Bg7 3. Bg2 d6 4. Nf3 Nf6 5. d3 O-O 6. O-O e5 7. c3 Nbd7 8. b4 c6 9. Nbd2 Qc7 10. a3 b6 11. Bb2 Bb7 12. Re1 Rad8 13. Qc2 Rfe8 14. d4 a6 15. Nc4 b5 16. Na5 c5 17. Nxb7 Qxb7 18. bxc5 dxc5 19. d5 c4 20. a4 Nc5 21. axb5 axb5 22. Ba3 Nb3 23. Rad1 Nd7 24. Nd2 Nbc5 25. Bf1 Ra8 26. Bb4 Qc7 27. Ra1 h5 28. Reb1 Bh6 29. Nf3 Nb3 30. Rxa8 Rxa8 31. h4 Ndc5 32. Ng5 Bxg5 33. hxg5 Qe7 34. Qe2 Kg7 35. Qe3 Rc8 36. f4 exf4 37. gxf4 Qxe4 38. Bxc5 Qxb1 39. Bd4+ Nxd4 40. Qxd4+ Kg8 41. d6 Qf5 42. Kh2 Rd8 43. Bh3 Qc2+ 44. Bg2 Qd3 45. Qb6 Qxd6 46. Qxb5 Qxf4+ 47. Kg1 Rd1+ 48. Bf1 Rxf1+ 49. Kg2 Qf3+ 50. Kh2 Rh1# 0-1


[Site "https://www.chess.com"]

[Event "Titled Tuesday Blitz October 25 Late 2022"]
[White "Melikyan, Gnel"]
[Black "Sibilio, Mario"]
[WhiteFideId "54109990"]
[BlackFideId "800422"]
[WhiteElo "2138"]
[BlackElo "2296"]
[Result "0-1"]
[Round "01"]
[TimeControl "180+1"]
[Date "2022.10.26"]
[WhiteClock "0:01:27"]
[BlackClock "0:00:41"]

1. d4 d6 2. c4 e5 3. dxe5 dxe5 4. Qxd8+ Kxd8 5. Nc3 Be6 6. b3 c6 7. Nf3 f6 8. Bb2 Nd7 9. e3 Nh6 10. O-O-O Kc7 11. h3 a5 12. Bd3 Nc5 13. Bc2 Nf7 14. Nd2 Be7 15. Nde4 Nxe4 16. Nxe4 Rhd8 17. Rxd8 Rxd8 18. Bc3 f5 19. Ng3 Ba3+ 20. Kb1 Bb4 21. Bxb4 axb4 22. Bxf5 Bxf5+ 23. Nxf5 Rd2 24. Rf1 g6 25. Ng3 Nd6 26. h4 h5 27. e4 c5 28. f4 Rxg2 29. fxe5 Rxg3 30. exd6+ Kxd6 31. Rf7 Ke5 32. Re7+ Kd4 33. e5 Kc3 34. a4 Kxb3 35. Kc1 Kc3 36. Kd1 b3 37. Rxb7 b2 38. e6 b1=Q+ 39. Rxb1 Rg1+ 40. Ke2 Rxb1 41. Ke3 Kxc4 42. a5 Re1+ 0-1


[Site "https://www.chess.com"]